 Dungeon Crawl Stone Soup version 0.17.1-3-g152610e (webtiles) character file.

659 CcS the Cleaver (level 7, 0/60 HPs)
             Began as a Hill Orc Berserker on Apr 16, 2016.
             Was a Priest of Trog.
             Slain by a gnoll (6 damage)
             ... on level 5 of the Dungeon.
             The game lasted 00:09:20 (4385 turns).

CcS the Cleaver (Hill Orc Berserker)                Turns: 4385, Time: 00:09:20

Health: 0/60       AC:  6    Str: 20    XL:     7   Next: 55%
Magic:  7/7        EV: 10    Int:  7    God:    Trog [***...]
Gold:   133        SH:  0    Dex: 12    Spells: 0 memorised, 6 levels left

rFire  . . .     SeeInvis .     a - +0 hand axe
rCold  . . .     Clarity  .     u - +0 scale mail
rNeg   . . .     SustAt   .     (no shield)
rPois  .         Gourm    .     (no helmet)
rElec  .         Spirit   .     (no cloak)
rCorr  .         Warding  .     (no gloves)
rMut   .         Stasis   .     (no boots)
MR     ++...                    (no amulet)
Stlth  ..........               (no ring)
                                (no ring)

@: exhausted, regenerating, slowed, very slow, very resistant to hostile
enchantments, extremely unstealthy
A: no striking features
a: Berserk, Trog's Hand, Burn Spellbooks, Renounce Religion


You were on level 5 of the Dungeon.
You worshipped Trog.
Trog was most pleased with you.
You were very hungry.

You visited 1 branch of the dungeon, and saw 5 of its levels.

You collected 133 gold pieces.

Inventory:

Hand Weapons
 a - a +0 hand axe (weapon)
Missiles
 l - 8 poisoned needles
 K - 2 tomahawks (quivered)
 N - a throwing net {=f, !d}
Armour
 b - a +0 animal skin
 u - a +0 scale mail (worn)
   (You took it off Terence on level 3 of the Dungeon)
 H - a +0 cloak
   (You found it on level 4 of the Dungeon)
Jewellery
 x - an uncursed amulet of the gourmand {unknown}
   (You found it on level 3 of the Dungeon)
 J - an uncursed ring of protection from fire {unknown}
   (You found it on level 4 of the Dungeon)
Wands
 j - a wand of random effects (23)
   (You found it on level 2 of the Dungeon)
 q - a wand of confusion (7)
   (You took it off Natasha on level 2 of the Dungeon)
 L - a wand of heal wounds (6)
   (You found it on level 5 of the Dungeon)
Scrolls
 d - a scroll of blinking {unknown}
 f - 2 scrolls of amnesia
 m - 2 scrolls of remove curse
 r - a scroll of enchant weapon {unknown}
 t - 5 scrolls of identify {unknown}
 w - a scroll of immolation {unknown}
 y - a scroll of magic mapping {!r}
 C - a scroll of recharging {unknown}
 D - a scroll of random uselessness
Potions
 e - a potion of curing
 g - a potion of ambrosia {unknown}
 i - 3 potions of brilliance {unknown}
 k - 3 potions of mutation {unknown}
 o - a potion of cure mutation {unknown}
 s - a potion of poison {unknown}
 v - a potion of degeneration {unknown}
 z - a potion of agility {unknown}
 B - a potion of lignification {unknown}
 F - a potion of might {unknown}
 G - a potion of beneficial mutation {unknown}
 I - a potion of cancellation {unknown}
 M - a potion of flight {unknown}
Comestibles
 c - 3 bread rations {@e1}
 h - 2 fruits
 n - 2 meat rations {@e2}
 p - a beef jerky
 A - 2 slices of pizza
 E - 3 chunks of flesh {@w0}


   Skills:
 + Level 4.4 Fighting
 * Level 10.3 Axes
 + Level 3.2 Armour
 - Level 1.5 Dodging


You had 6 spell levels left.
You didn't know any spells.

Dungeon Overview and Level Annotations

Branches:
Dungeon (5/15)             Temple (0/1) D:5

Altars:
Ashenzari
Gozag
Qazlal

Shops:
D:5 :


Message History

The gnoll throws a stone.
The stone closely misses you.
You are no longer berserk.
You are exhausted.
You feel yourself slow down.
You are feeling hungry.
Failed to move towards target.
You now have 40/60 hp.
Failed to move towards target.
Failed to move towards target.
Unknown command.
Okay, then.
Unknown command.
The gnoll throws a stone.
The stone hits you but does no damage.
The gnoll throws a stone.
The stone hits you but does no damage.
You see here a stone.
Unknown command.
The gnoll shaman calls upon its god to speed up the gnoll.
The gnoll seems to speed up.
The hound bites you but does no damage. The hound bites you.
You take 3 damage, and have 37/60 hp.
Unknown command.
The hound bites you but does no damage.
You see here 2 throwing nets {=f, !d}.
The hound bites you.
You see here 29 arrows.
You are feeling very hungry.
The hound bites you. The hound closely misses you.
Unknown command.
Unknown command.
You take 8 damage, and have 29/60 hp.
Unknown command.
Your skin crawls.
You feel resistant to hostile enchantments.
You feel slightly more hungry. The hound closely misses you.
The hound bites you but does no damage.
Unknown command.
You miss the hound. The hound completely misses you.
The hound completely misses you.
You regained 2 hp, and now have 32/60 hp.
You slash the hound! The hound bites you. The hound barely misses you.
Unknown command.
You hit the hound. You hit the gnoll. The hound bites you. The gnoll hits you.
You take 4 damage, and have 28/60 hp.
Unknown command.
You barely miss the hound. You barely miss the gnoll. You hit the gnoll shaman.
The hound bites you but does no damage. The hound bites you.
The gnoll barely misses you. The gnoll shaman hits you with a whip.
Unknown command.
You take 3 damage, and have 25/60 hp.
You hit the hound but do no damage.
You hit the gnoll shaman but do no damage.
You hit the gnoll but do no damage. The hound closely misses you.
The gnoll barely misses you. The hound barely misses you.
You regained 2 hp, and now have 27/60 hp.
Unknown command.
Drink which item? (? for menu, Esc to quit)
It was a potion of curing.
You feel better. The hound bites you but does no damage. The gnoll hits you.
The gnoll shaman hits you with a whip. The hound barely misses you.
The gnoll hits you!
You take 3 damage, and have 24/60 hp.
Drink which item? (? for menu, Esc to quit)
You feel better. The hound closely misses you. The gnoll barely misses you.
The gnoll shaman hits you with a whip. The hound bites you but does no damage.
The gnoll hits you but does no damage. The gnoll hits you.
The gnoll shaman hits you with a whip!
* * * LOW HITPOINT WARNING * * *
You take 8 damage, and have 16/60 hp.
Read which item? (? for menu, Esc to quit)
As you read the scroll labeled MOELAR JIXKO, it crumbles to dust.
You feel blessed for a moment.
It was a scroll of remove curse.
The hound barely misses you. The hound bites you.
* * * LOW HITPOINT WARNING * * *
The gnoll hits you but does no damage. The gnoll hits you.
* * * LOW HITPOINT WARNING * * *
The gnoll shaman barely misses you. The hound bites you.
* * * LOW HITPOINT WARNING * * *
The gnoll hits you but does no damage.
You take 4 damage, and have 12/60 hp.
Read which item? (? for menu, Esc to quit)
As you read the scroll labeled MIASIO LIYFYR, it crumbles to dust.
You experience a momentary feeling of inescapable doom!
It was a scroll of random uselessness.
The gnoll hits you.
* * * LOW HITPOINT WARNING * * *
The hound barely misses you.
The gnoll shaman invokes the aid of its god against you.
You resist with almost no effort. The gnoll barely misses you.
The hound bites you but does no damage. The gnoll hits you.
* * * LOW HITPOINT WARNING * * *
The gnoll shaman hits you but does no damage.
You take 8 damage, and have 4/60 hp.
Read which item? (? for menu, Esc to quit)
As you read the scroll labeled EGOORARGHERI, it crumbles to dust.
You feel aware of your surroundings.
You sensed 2 altars.
It was a scroll of magic mapping.
The hound bites you but does no damage. The gnoll barely misses you. x2
The hound barely misses you.
The gnoll shaman invokes the aid of its god against you.
You resist with almost no effort. The gnoll hits you.
You die...

#####........# #.##......
########.......# #.........
##......##......##############.
##..............................
#.........#.....................
#.......###..#.##....##..#######
##.....###..##.##.......##***,,,
#...### #..##.##..######**,,,,,
#..## #..##g@gg########,.,,,,
#### *#..##gh8.#....gg#..,,,,
*...##..(.#≈≈≈≈≈≈...,***
#...##.....(.g......,*,,
*,*,*#....((.)......,*,,
**,*,*#(...#≈≈≈≈≈≈...,***
*,,*,*#.(8.#(.(...#..,,,,
*,**,*##.(.########,.,,,,
**,**,,*###..********,,,,,


You could see a gnoll shaman, a hound and 3 gnolls.

Vanquished Creatures
  An ogre (D:5)
  A gnoll sergeant (D:5)
  A scorpion (D:4)
  A water moccasin skeleton (D:5)
  2 hounds
  Terence (D:3)
  Natasha (thrice) (D:2)
  An iguana (D:4)
  A worker ant (D:5)
  A worker ant zombie (D:4)
  10 adders
  7 gnolls
  2 oozes
  2 worms
  3 giant geckos
  8 bats
  6 hobgoblins
  2 quokkas
  7 ball pythons (D:4)
  7 giant cockroaches
  A giant gecko skeleton (D:4)
  A giant newt (D:3)
  4 goblins
  9 jackals
  8 kobolds
  A quokka skeleton (D:5)
  6 rats
97 creatures vanquished.

Notes
Turn   | Place    | Note
--------------------------------------------------------------
     0 | D:1      | CcS the Hill Orc Berserker began the quest for the Orb.
     0 | D:1      | Reached XP level 1. HP: 19/19 MP: 1/1
   331 | D:1      | Reached XP level 2. HP: 21/27 MP: 2/2
   544 | D:1      | Reached skill level 4 in Fighting
   781 | D:1      | Reached XP level 3. HP: 33/33 MP: 3/3
  1412 | D:2      | Reached skill level 5 in Axes
  1442 | D:2      | Reached ** piety under Trog
  1481 | D:2      | Noticed Natasha
  1498 | D:2      | Killed Natasha
  1498 | D:2      | Reached XP level 4. HP: 25/40 MP: 4/4
  1516 | D:2      | Noticed Natasha
  1524 | D:2      | Killed Natasha
  1559 | D:2      | Reached skill level 6 in Axes
  1786 | D:2      | Noticed Natasha
  1801 | D:2      | Killed Natasha
  1858 | D:3      | Found a stormy altar of Qazlal.
  1860 | D:3      | Noticed Terence
  1968 | D:3      | Killed Terence
  2120 | D:3      | Reached XP level 5. HP: 41/46 MP: 5/5
  2407 | D:3      | Found an opulent altar of Gozag.
  2407 | D:3      | Found a shattered altar of Ashenzari.
  2509 | D:4      | Reached skill level 7 in Axes
  3057 | D:4      | Reached skill level 8 in Axes
  3149 | D:4      | Reached XP level 6. HP: 41/52 MP: 6/6
  3253 | D:4      | Reached *** piety under Trog
  3315 | D:4      | Reached skill level 9 in Axes
  3720 | D:5      | Entered Level 5 of the Dungeon
  3732 | D:5      | Reached XP level 7. HP: 59/59 MP: 7/7
  3951 | D:5      | Reached skill level 10 in Axes
  3971 | D:5      | Reached skill level 3 in Armour
  4155 | D:5      | Found a staircase to the Ecumenical Temple.
  4189 | D:5      | Found Afour's Book Shoppe.
  4383 | D:5      | HP: 15/60 [gnoll (2)]
  4384 | D:5      | HP: 4/60 [gnoll (5)]
  4385 | D:5      | Slain by a gnoll

Action                   |  1- 3 |  4- 6 |  7- 9 || total
-------------------------+-------+-------+-------++-------
Melee: Hand axe          |    95 |   251 |    68 ||   414
Invok: Berserk           |     1 |     4 |     1 ||     6
       Trog's Hand       |       |     2 |     1 ||     3
  Use: Scroll            |     1 |     1 |     3 ||     5
       Potion            |       |       |     2 ||     2
 Stab: Sleeping          |     2 |       |       ||     2
  Eat: Chunk             |     3 |    11 |     3 ||    17

Vault maps used:
D:1:      minmay_arrival_checkered_box, serial_bayou_lake_a
D:2:      uniq_natasha
D:3:      nicolae_overflow_hidden_temple, gammafunk_temple_overflow_statue,
          uniq_terence
D:4:      minmay_snake_closets
D:5:      grunt_temple_overflow_order_and_chaos_2,
          minmay_temple_entry_crystal_x, serial_gnoll_camp, gnoll_camp_mini_hut,
          gnoll_camp_mini_hut, gnoll_camp_medium_01, gnoll_camp_mini_shop,
          first_bread, minmay_fountain_box, hangedman_decor_opposing

Table legend:
 A = Turns spent in this place as a percentage of turns spent in the entire game.
 B = Non-inter-level travel turns spent in this place as a percentage of non-inter-level travel turns spent in the entire game.
 C = Inter-level travel turns spent in this place as a percentage of turns spent in this place.
 D = Turns resting spent in this place as a percentage of non-inter-level travel turns spent in this place.
 E = Turns spent auto-exploring this place as a percentage of non-inter-level travel turns spent in this place.
 F = Non-inter-level travel turns spent in this place divided by the number of levels of this place that you've seen.
                   A       B       C       D       E      F
               +-------+-------+-------+-------+-------+----------------------
         Total | 100.0 | 100.0 |   0.5 |   2.7 |  11.0 | 308.6
       Dungeon | 100.0 | 100.0 |   0.5 |   2.7 |  11.0 | 308.6
               +-------+-------+-------+-------+-------+----------------------

Table legend:
 A = Kills in this place as a percentage of kills in entire the game.
 B = Kills by you in this place as a percentage of kills by you in the entire game.
 C = Kills by friends in this place as a percentage of kills by friends in the entire game.
 D = Other kills in this place as a percentage of other kills in the entire game.
 E = Experience gained in this place as a percentage of experience gained in the entire game.
 F = Experience gained in this place divided by the number of levels of this place that you have seen.
                   A       B       C       D       E      F
               +-------+-------+-------+-------+-------+----------------------
         Total | 100.0 | 100.0 |  -nan |  -nan | 100.0 | 188.4
       Dungeon | 100.0 | 100.0 |  -nan |  -nan | 100.0 | 188.4
               +-------+-------+-------+-------+-------+----------------------
